 Dungeon Crawl Stone Soup version 0.22.0-49-gab54619674 (webtiles) character file.

10 JedernureinKreuz the Magician (level 2, 0/17 HPs)
             Began as an Octopode Wizard on Sept 7, 2018.
             Slain by a jackal (1 damage)
             ... on level 1 of the Dungeon.
             The game lasted 00:02:32 (278 turns).

JedernureinKreuz the Magician (Octopode Wizard)      Turns: 278, Time: 00:02:32

Health: 0/17       AC:  1    Str:  6    XL:     2   Next: 20%
Magic:  1/6        EV: 13    Int: 20    God:
Gold:   33         SH:  0    Dex: 10    Spells: 6/7 levels left

rFire    . . .     SeeInvis .   e - +0 dagger
rCold    . . .     Gourm    .   (no shield)
rNeg     . . .     Faith    .   a - +0 hat
rPois    .         Spirit   .   (no amulet)
rElec    .         Reflect  .   (no ring)
rCorr    .         Harm     .   (no ring)
MR       .....                  (no ring)
Stlth    +++.......             (no ring)
HPRegen  0.05/turn              (no ring)
MPRegen  0.10/turn              (no ring)
                                (no ring)
                                (no ring)

@: no status effects
A: almost no armour, stealthy swim, amphibious, 8 rings, constrict 8, camouflage
1, gelatinous body 1
a: no special abilities


You were on level 1 of the Dungeon.
You were not hungry.

You visited 1 branch of the dungeon, and saw 1 of its levels.

You collected 33 gold pieces.

Inventory:

Hand Weapons
 e - a +0 dagger (weapon)
Armour
 a - a +0 hat (worn)
Scrolls
 b - a scroll of teleportation {unknown}
 d - a scroll of magic mapping {unknown}
Comestibles
 c - a ration
 f - 3 chunks of flesh


   Skills:
 + Level 2.3 Dodging
 + Level 2.8 Stealth
 + Level 3.3 Spellcasting
 + Level 1.0 Conjurations
   Level 1.0 Summonings
   Level 1.0 Translocations


You had 6 spell levels left.
You knew the following spells:

 Your Spells              Type           Power        Failure   Level  Hunger
a - Magic Dart            Conj           #...         9%          1    None

Your spell library contained the following spells:

 Spells                   Type           Power        Failure   Level  Hunger
 Blink                    Tloc           N/A          14%         2    ##.....
 Call Imp                 Summ           #.......     14%         2    ##.....
 Slow                     Hex            #.......     22%         2    ##.....
 Conjure Flame            Conj/Fire      #.......     32%         3    ###....
 Mephitic Cloud           Conj/Pois/Air  #.......     36%         3    ###....


Dungeon Overview and Level Annotations

Branches:
Dungeon (1/15)

Altars:


Innate Abilities, Weirdness & Mutations

You cannot wear most types of armour.
You are very stealthy in the water. (Stealth+)
You are amphibious.
You can wear up to eight rings at the same time.
You can use your tentacles to constrict eight enemies at once.
Your skin changes colour to match your surroundings (Stealth+).
Your rubbery body absorbs attacks. (AC +1, EV +1)


Message History

Press: ? - help, Shift-Dir - straight line, f/p - hobgoblin
Aim: a hobgoblin, wielding a club (lightly wounded)
The magic dart hits the hobgoblin.
The hobgoblin is heavily wounded.
The hobgoblin barely misses you.
There are monsters nearby!
You see here a hobgoblin skeleton.
The jackal bites you.
* * * LOW HITPOINT WARNING * * *
The jackal bites you.
* * * LOW HITPOINT WARNING * * *
Casting: Magic Dart (safe; 9% risk of failure)
Confirm with . or Enter, or press ? or * to list all spells.
Aiming: Magic Dart (safe; 9% risk of failure)
Press: ? - help, Shift-Dir - straight line, f - jackal
Aim: a jackal The magic dart hits the jackal.
The jackal is heavily wounded.
The jackal bites you.
You die...

.#######.###.##.# #.##.....
..........##.##.# #.##.#..#
.#######..##.##.###.#.#...#
#..##.........###..#
#..####......#.#..##
#...............#.#
##.#####..########.#
#####..#####..# #.#
###.....hh@.....# #h# #
#.......######..# #.#
#.#.....รท.# #..########>#
#.#.......######..#.hh..h..#
........g#.......#.########
##......................#
#.......#.#####.#..#.#.####
#.......#.# #..............
###..####.###.........##...


You could see 2 jackals.

Vanquished Creatures
  2 hobgoblins (D:1)
  5 jackals (D:1)
  A frilled lizard (D:1)
8 creatures vanquished.

Notes
Turn   | Place    | Note
-------+----------+-------------------------------------------
     0 | D:1      | JedernureinKreuz the Octopode Wizard began the quest for
                  | the Orb.
     0 | D:1      | Reached XP level 1. HP: 11/11 MP: 4/4
   154 | D:1      | Reached XP level 2. HP: 10/17 MP: 0/6
   278 | D:1      | Slain by a jackal

Action                   || total
-------------------------++-------
Melee: Dagger            ||    12
       Constrict         ||     4
       Tentacles         ||     2
 Cast: Magic Dart        ||    19
 Stab: Sleeping          ||     1
Armor: Skin              ||     1
Dodge: Dodged            ||    11
